 Dungeon Crawl Stone Soup version 0.25.0-37-gb73750e0fb (webtiles) character file.

Game seed: 6105476091876244843

2487 xccam the Slicer (level 9, -3/58 HPs)
             Began as an Octopode Assassin on July 8, 2020.
             Was a High Priest of Uskayaw.
             Slain by a two-headed ogre
             ... wielding a +0 giant club
              (15 damage)
             ... on level 8 of the Dungeon.
             The game lasted 00:10:36 (9391 turns).

xccam the Slicer (Octopode Assassin)                Turns: 9391, Time: 00:10:36

Health: -3/58      AC: 12    Str: 10    XL:     9   Next: 52%
Magic:  11/12      EV: 16    Int: 14    God:    Uskayaw [*****.]
Gold:   513        SH:  0    Dex: 16    Spells: 8/8 levels left

rFire    . . .     SeeInvis .   t - +2 short sword (protect)
rCold    . . .     Gourm    .   (no shield)
rNeg     + . .     Faith    .   (helmet restricted)
rPois    .         Spirit   .   g - amulet of the acrobat
rElec    .         Reflect  .   o - ring of positive energy
rCorr    .         Harm     .   x - ring of flight
MR       .....                  E - +4 ring of protection
Stlth    ++++......             (no ring)
HPRegen  0.19/turn              (no ring)
MPRegen  0.13/turn              (no ring)
                                (no ring)
                                (no ring)

@: protection aura
A: almost no armour, stealthy swim, amphibious, 8 rings, constrict 8, camouflage
1, gelatinous body 1
a: Stomp, Line Pass, Grand Finale, Renounce Religion, Evoke Flight


You were on level 8 of the Dungeon.
You worshipped Uskayaw.
Uskayaw was noncommittal.
You were not hungry.

You visited 2 branches of the dungeon, and saw 9 of its levels.

You collected 513 gold pieces.

Inventory:

Hand Weapons
 t - a +2 short sword of protection (weapon)
Missiles
 b - 20 poisoned darts (quivered)
 c - 4 curare-tipped darts
Jewellery
 g - an amulet of the acrobat (around mantle)
 n - an uncursed amulet of guardian spirit {unknown}
 o - a ring of positive energy (left tentacle)
 x - a ring of flight (right tentacle)
 E - a +4 ring of protection (on tentacle)
 G - a +6 ring of intelligence {unknown}
Wands
 h - a wand of polymorph (2)
 w - a wand of iceblast (7)
 D - a wand of flame (18)
 I - a wand of enslavement (7)
Scrolls
 e - 2 scrolls of enchant weapon
 f - 2 scrolls of blinking {unknown}
 j - 5 scrolls of identify
 l - 4 scrolls of teleportation
 p - 2 scrolls of remove curse
 q - 2 scrolls of noise {unknown}
 s - a scroll of immolation {unknown}
 v - a scroll of fog {unknown}
 y - a scroll of vulnerability {unknown}
 z - 2 scrolls of random uselessness {unknown}
 C - a scroll of enchant armour {unknown}
 F - a scroll of amnesia {unknown}
Potions
 a - a potion of resistance {unknown}
 i - 4 potions of curing
 k - 2 potions of brilliance
 m - a potion of heal wounds
 r - 3 potions of might {unknown}
 u - a potion of mutation
 B - a potion of stabbing {unknown}
 H - a potion of flight {unknown}
Comestibles
 d - 13 rations
 A - a chunk of flesh


   Skills:
 - Level 4.0 Fighting
 + Level 10.4 Short Blades
 - Level 2.0 Throwing
 - Level 5.0 Dodging
 - Level 5.3 Stealth
 + Level 4.0 Invocations


You had 8 spell levels left.
You didn't know any spells.
Your spell library was empty.

Dungeon Overview and Level Annotations

Branches:
Dungeon (8/15)             Temple (1/1) D:6
   Lair: D:8-11

Altars:
Ashenzari
Cheibriados
Dithmenos
Elyvilon
Fedhas
Gozag
Hepliaklqana
Nemelex Xobeh
Qazlal
Uskayaw
Wu Jian
Xom
Yredelemnul
The Shining One

Shops:
D:7 *

Annotations:
D:8 3 runed translucent doors


Innate Abilities, Weirdness & Mutations

You cannot wear most types of armour.
You are very stealthy in the water. (Stealth+)
You are amphibious.
You can wear up to eight rings at the same time.
You can use your tentacles to constrict eight enemies at once.
Your skin changes colour to match your surroundings (Stealth+).
Your rubbery body absorbs attacks. (AC +1, EV +1)


Message History

You hit the two-headed ogre but do no damage.
The two-headed ogre is heavily wounded.
You hit the two-headed ogre.
The two-headed ogre is heavily wounded.
The two-headed ogre closely misses you. The two-headed ogre barely misses you.
You barely miss the two-headed ogre.
The two-headed ogre is heavily wounded.
You hit the two-headed ogre.
The two-headed ogre is severely wounded.
You hit the two-headed ogre. You squeeze the two-headed ogre.
The two-headed ogre is severely wounded.
The two-headed ogre hits you with a +0 giant club!
* * * LOW HITPOINT WARNING * * *
The two-headed ogre closely misses you.
You hit the two-headed ogre.
The two-headed ogre is severely wounded.
You puncture the two-headed ogre!
The two-headed ogre is almost dead.
The two-headed ogre hits you with a +0 giant club!
You die...

#..#.#...#####.#
#.>#.#...#####.#
#..#............
#..............##
#.###.....######## #.
#............# #.
#.....######.# #.
#...#.######c###
#.###..###..>.@OOh.#####.#
#........#.######5Z........
.....#.##.## ###.###c#.#
+++###.##.# #.###.#... ..u.
#.##.# #######..)((.5# u!.
#.##.. .......†.##†.... u#.
#. ### #######....?###. #.
...###.# ##.##


You could see a two-headed ogre, an ogre, a centaur, a howler monkey, a shadow
imp and a worker ant zombie.

Vanquished Creatures
  Grinder (D:4)
  A spriggan (D:7)
  4 ogres
  A sky beast (D:6)
  2 necrophages
  A centaur (D:6)
  A bullfrog (D:6)
  2 big kobolds (D:3)
  6 howler monkeys
  A crimson imp (D:5)
  3 jellies
  Crazy Yiuf (D:2)
  2 orc priests
  A bullfrog skeleton (D:5)
  3 hounds
  3 iguanas
  5 orc wizards
  4 worker ants
  A hound skeleton (D:7)
  14 gnolls
  7 adders
  2 adder zombies
  2 adder skeletons
  3 worms
  5 dart slugs
  18 orcs
  2 bats (D:2)
  5 giant cockroaches
  31 goblins
  26 hobgoblins
  10 jackals
  4 quokkas
  A ball python (D:3)
  2 frilled lizards
  A jackal skeleton (D:5)
  6 kobolds
  A leopard gecko skeleton (D:5)
  A quokka skeleton (D:4)
  5 rats
189 creatures vanquished.

Notes
Turn   | Place    | Note
-------+----------+-------------------------------------------
     0 | D:1      | xccam the Octopode Assassin began the quest for the Orb.
     0 | D:1      | Reached XP level 1. HP: 14/14 MP: 1/1
   391 | D:1      | Reached XP level 2. HP: 19/19 MP: 2/2
   530 | D:1      | Reached skill level 3 in Short Blades
  1075 | D:2      | Reached XP level 3. HP: 3/24 MP: 3/3
  1152 | D:2      | Reached skill level 4 in Short Blades
  1634 | D:2      | Reached XP level 4. HP: 29/29 MP: 4/4
  1649 | D:2      | Found a runed translucent door.
  1650 | D:2      | Noticed Crazy Yiuf
  1659 | D:2      | Killed Crazy Yiuf
  2294 | D:3      | Reached skill level 5 in Short Blades
  2456 | D:3      | Reached XP level 5. HP: 34/34 MP: 5/5
  2593 | D:3      | HP: 1/34 [orc/boomerang (5)]
  3655 | D:3      | Reached skill level 6 in Short Blades
  3749 | D:3      | Reached XP level 6. HP: 24/39 MP: 6/6
  4751 | D:3      | Reached XP level 7. HP: 25/46 MP: 7/7
  5125 | D:4      | Found a shadowy altar of Dithmenos.
  5285 | D:4      | Noticed Grinder
  5324 | D:4      | Killed Grinder
  5324 | D:4      | Reached skill level 7 in Short Blades
  5633 | D:4      | Reached XP level 8. HP: 23/54 MP: 8/8
  6302 | D:5      | Entered Level 5 of the Dungeon
  6374 | D:5      | Reached skill level 8 in Short Blades
  6374 | D:5      | Reached skill level 5 in Dodging
  6559 | D:5      | Found a sparkling altar of Nemelex Xobeh.
  7440 | D:5      | Reached skill level 9 in Short Blades
  7619 | D:6      | Reached XP level 9. HP: 43/58 MP: 9/9
  7775 | D:6      | Found a staircase to the Ecumenical Temple.
  7788 | Temple   | Entered the Ecumenical Temple
  7810 | Temple   | Became a worshipper of Uskayaw the Reveler
  7837 | D:6      | Reached * piety under Uskayaw
  7842 | D:6      | Reached ** piety under Uskayaw
  7851 | D:6      | Reached *** piety under Uskayaw
  7973 | D:6      | Reached skill level 1 in Invocations
  8476 | D:7      | Found a blossoming altar of Fedhas.
  8562 | D:7      | Found a stormy altar of Qazlal.
  8728 | D:7      | Found a hide-covered altar of Uskayaw.
  8867 | D:7      | Found a white marble altar of Elyvilon.
  8901 | D:7      | Found Gozag's Platinum Reserve.
  8905 | D:7      | Found an opulent altar of Gozag.
  9120 | D:7      | Reached skill level 10 in Short Blades
  9327 | D:8      | Found a runed translucent gate.
  9327 | D:8      | Found a runed translucent gate.
  9327 | D:8      | Found a runed translucent gate.
  9327 | D:8      | Noticed a red ugly thing
  9327 | D:8      | Noticed a cyan very ugly thing
  9329 | D:8      | Noticed a cyan ugly thing
  9329 | D:8      | Noticed a green ugly thing
  9330 | D:8      | Noticed a brown ugly thing
  9359 | D:8      | Reached **** piety under Uskayaw
  9361 | D:8      | Noticed a two-headed ogre
  9361 | D:8      | Reached ***** piety under Uskayaw
  9391 | D:8      | Slain by a two-headed ogre

Illustrated notes

Levels and vault maps discovered:
D:1:      wheals_arrival_shading, layout_basic, chequers_serial_rivers_micro_a
D:2:      layout_rooms, first_ration, uniq_crazy_yiuf_cottage
D:3:      minmay_goblin_kobold_castle, layout_basic, bh_walls_and_bars
D:4:      layout_basic, kennysheep_little_box, uniq_grinder
D:5:      layout_basic, nemelex_xobeh_ov_fountains_minmay, kennysheep_potato
D:6:      layout_loops_ring, minmay_temple_entry_trees, enter_ossuary_5,
          chequers_hall_statues_wall_a
D:7:      layout_loops_ring, grunt_temple_overflow_forces_of_nature,
          nicolae_gozag_zags_fifth_avenue, elyvilon_altar_3, basic_altar,
          the_bakery, minmay_door_square
D:8:      layout_loops_ring, nicolae_overflow_crystal_walls,
          ploomutoo_gammafunk_ghost_potion_laboratory
Temple:   nicolae_temple_hex_pool

Skill      XL: |  1  2  3  4  5  6  7  8  9 |
---------------+----------------------------+-----
Short Blades   | 3 4 5 6 7 9 10 | 10.4
Dodging        | 2 4 5 |  5.0
Fighting       | 3 4 |  4.0
Invocations    | 4 |  4.0
Throwing       | |  2.0
Stealth        | |  5.3

Action                   |  1- 3 |  4- 6 |  7- 9 || total
-------------------------+-------+-------+-------++-------
Melee: Dagger            |    17 |       |       ||    17
       Constrict         |    12 |    48 |    51 ||   111
       Tentacles         |     8 |    31 |    69 ||   108
       Short sword       |    44 |   165 |   270 ||   479
Throw: Dart              |       |       |     9 ||     9
Evoke: Wand              |       |       |     2 ||     2
  Use: Potion            |     1 |     2 |     1 ||     4
       Scroll            |       |     4 |     1 ||     5
 Stab: Sleeping          |     5 |     9 |    11 ||    25
       Paralysed         |       |       |     4 ||     4
  Eat: Chunk             |     2 |     9 |    15 ||    26
Armor: Skin              |    14 |     4 |    16 ||    34
Dodge: Dodged            |    34 |   125 |   126 ||   285
